 Dungeon Sprint DCSS version 0.18.1-50-g88ac8fd (webtiles) character file.

6225 Inkary the Grappler (level 10, -3/114 HPs)
             Began as a Troll Monk on Sept 18, 2016.
             Was a High Priest of Qazlal.
             Slain by a death yak (27 damage)
             ... in the Dungeon (Sprint IX: "|||||||||||||||||||||||||||||").
             The game lasted 00:04:48 (1011 turns).

Inkary the Grappler (Troll Monk)                    Turns: 1011, Time: 00:04:48

Health: -3/114     AC:  9    Str: 24    XL:     10   Next: 61%
Magic:  5/16       EV: 17    Int:  6    God:    Qazlal [*****.]
Gold:   0          SH:  7    Dex: 15    Spells: 0 memorised, 9 levels left

rFire  . . .     SeeInvis .       - Unarmed
rCold  . . .     Gourm    +     a - +0 robe
rNeg   . . .     Faith    .     (no shield)
rPois  .         Spirit   .     (helmet restricted)
rElec  .         Dismiss  .     m - +0 cloak
rCorr  .         Reflect  .     (gloves unavailable)
SustAt .         Harm     .     (boots unavailable)
MR     .....     NoTele   +     (no amulet)
Stlth  +.........               (no ring)
                                n - +3 ring of strength

@: protected from physical damage, repel missiles, not resistant to hostile
enchantments, very unstealthy
A: unfitting armour, claws 3, fast metabolism 3, gourmand, regeneration 2,
shaggy fur 1, tough skin 2
a: Upheaval, Elemental Force, Disaster Area, Renounce Religion


You were in the Dungeon.
You worshipped Qazlal.
Qazlal was extremely pleased with you.
You were full.

You visited 1 branch

Inventory:

Hand Weapons
 v - a +2 dire flail of crushing
Armour
 a - a +0 robe (worn)
 m - a +0 cloak (worn)
Jewellery
 n - a +3 ring of strength (left claw)
 o - a +3 ring of intelligence
Wands
 l - a wand of iceblast (7/15)
Scrolls
 h - 3 scrolls of blinking
 j - 4 scrolls of remove curse
 k - 2 scrolls of amnesia
 p - 2 scrolls of enchant armour
 s - a scroll of identify
 t - 4 scrolls of enchant weapon
Potions
 c - 6 potions of curing
 d - a potion of agility
 e - a potion of heal wounds
 f - 3 potions of magic
 g - a potion of berserk rage
 i - a potion of invisibility
 q - a potion of brilliance
 r - a potion of might
Comestibles
 b - 2 bread rations


   Skills:
 + Level 11.5 Fighting
 + Level 11.4 Dodging
 - Level 1.1 Stealth
 + Level 13.5 Unarmed Combat
 + Level 10.6 Invocations


You had 9 spell levels left.
You didn't know any spells.

Dungeon Overview and Level Annotations

Branches:
Dungeon (1/1)

Altars:
Cheibriados
Dithmenos
Elyvilon
Fedhas
Gozag
Kikubaaqudgha
Makhleb
Nemelex Xobeh
Okawaru
Pakellas
Qazlal
Ru
Sif Muna
Trog
Vehumet
Xom
Yredelemnul
Zin
The Shining One
Beogh
Jiyva
Lugonu


Innate Abilities, Weirdness & Mutations

You are too large for most types of armour.
You have claws for hands.
Your metabolism is lightning-fast.
You like to eat raw meat.
You heal very quickly.
You are covered in fur (AC +1).
You have very tough skin (AC +2).


Message History

The death yak is almost dead.
The cutting wind hits the death yak.
The death yak is heavily wounded.
The cutting wind hits the death yak.
The death yak is heavily wounded.
The blast of rubble hits the yak.
The yak is almost dead.
The blast of rubble hits the yak.
The yak is moderately wounded.
The blast of rubble hits the death yak.
The death yak is lightly wounded.
The blast of magma engulfs the death yak.
The death yak is severely wounded.
The blast of magma engulfs the yak.
You kill the yak!
Qazlal accepts your kill.
The blast of magma engulfs the death yak.
The death yak is almost dead.
The death yak gores you!!
You die...

▓.▓.▓_▓
▓.▓.▓_▓
▓≈▓.▓_▓
▓.▓.▓_▓
▓≈▓.▓_▓
▓≈▓.▓_▓
▓≈▓.▓_▓
▓.▓.▓'▓
▓@▓.▓.▓
▓Y▓.▓.▓
▓Y▓.▓|▓
▓Y▓.▓)▓
▓Y▓.▓.▓
▓Y▓.▓[▓
▓.▓.▓[▓
▓.▓.▓.▓
▓.▓.▓


You could see 4 death yaks and a yak.

Vanquished Creatures
  A hydra (D)
  A centaur warrior (D)
  2 death yaks (D)
  A griffon (D)
  A black mamba (D)
  A spiny frog (D)
  A blink frog (D)
  A shadow (D)
  3 yaks (D)
  2 hungry ghosts (D)
  2 porcupines (D)
  2 water moccasins (D)
  An orc warrior (D)
  2 sky beasts (D)
  A black bear (D)
  A necrophage (D)
  An ogre (D)
  4 crocodiles (D)
  5 giant frogs (D)
  A quasit (D)
  A worker ant (D)
  An adder skeleton (D)
  An adder zombie (D)
  A dart slug (D)
  A bat zombie (D)
  A giant newt (D)
  A kobold (D)
  2 rats (D)
43 creatures vanquished.

Notes
Turn   | Place    | Note
--------------------------------------------------------------
     0 | D        | Inkary the Troll Monk began the quest for the Orb.
     0 | D        | Reached XP level 1. HP: 22/22 MP: 0/0
    27 | D        | Noticed a worker ant
    27 | D        | Noticed an ogre
    27 | D        | Noticed a sky beast
    34 | D        | Reached XP level 2. HP: 30/31 MP: 1/1
    40 | D        | Reached skill level 5 in Unarmed Combat
    40 | D        | Reached XP level 3. HP: 29/39 MP: 2/2
    46 | D        | Killed an ogre
    46 | D        | Reached skill level 5 in Fighting
    46 | D        | Reached skill level 5 in Dodging
    46 | D        | Reached skill level 6 in Unarmed Combat
    46 | D        | Reached XP level 4. HP: 34/50 MP: 3/3
    51 | D        | Killed a sky beast
    51 | D        | Reached skill level 7 in Unarmed Combat
    51 | D        | Reached XP level 5. HP: 29/59 MP: 4/4
    69 | D        | Found a glowing silver altar of Zin.
    69 | D        | Found a glowing golden altar of the Shining One.
    69 | D        | Found an ancient bone altar of Kikubaaqudgha.
    69 | D        | Found a basalt altar of Yredelemnul.
    69 | D        | Found a shimmering altar of Xom.
    69 | D        | Found a radiant altar of Vehumet.
    70 | D        | Found an iron altar of Okawaru.
    71 | D        | Found a burning altar of Makhleb.
    72 | D        | Found a deep blue altar of Sif Muna.
    73 | D        | Found a bloodstained altar of Trog.
    74 | D        | Found a sparkling altar of Nemelex Xobeh.
    75 | D        | Found a white marble altar of Elyvilon.
    76 | D        | Found a roughly hewn altar of Beogh.
    77 | D        | Found a viscous altar of Jiyva.
    78 | D        | Found a corrupted altar of Lugonu.
    79 | D        | Found a blossoming altar of Fedhas.
    80 | D        | Found a snail-covered altar of Cheibriados.
    81 | D        | Found a shadowy altar of Dithmenos.
    82 | D        | Found a stormy altar of Qazlal.
    83 | D        | Found an opulent altar of Gozag.
    84 | D        | Found a sacrificial altar of Ru.
    85 | D        | Found an oddly glowing altar of Pakellas.
    92 | D        | Became a worshipper of Qazlal Stormbringer
    92 | D        | Reached * piety under Qazlal
    92 | D        | Reached ** piety under Qazlal
   121 | D        | Noticed a black bear
   121 | D        | Noticed a yak
   121 | D        | Noticed a hungry ghost
   121 | D        | Noticed an orc warrior
   127 | D        | Killed a black bear
   127 | D        | Reached skill level 8 in Unarmed Combat
   127 | D        | Reached XP level 6. HP: 52/68 MP: 4/6
   130 | D        | Killed a yak
   136 | D        | Reached skill level 9 in Unarmed Combat
   138 | D        | Killed a hungry ghost
   138 | D        | Reached *** piety under Qazlal
   138 | D        | Reached XP level 7. HP: 61/78 MP: 4/9
   145 | D        | Reached skill level 5 in Invocations
   232 | D        | Noticed a hungry ghost
   232 | D        | Noticed a shadow
   232 | D        | Noticed a centaur warrior
   232 | D        | Noticed a griffon
   245 | D        | Killed a hungry ghost
   248 | D        | Reached **** piety under Qazlal
   248 | D        | Reached skill level 10 in Unarmed Combat
   253 | D        | Killed a shadow
   253 | D        | Reached XP level 8. HP: 33/89 MP: 9/11
   259 | D        | HP: 3/89 [centaur warrior (3)]
   273 | D        | Killed a centaur warrior
   273 | D        | Reached skill level 11 in Unarmed Combat
   279 | D        | Killed a griffon
   279 | D        | Reached ***** piety under Qazlal
   279 | D        | Reached XP level 9. HP: 16/101 MP: 11/14
   533 | D        | Noticed a spiny frog
   536 | D        | Killed a spiny frog
   536 | D        | Reached skill level 10 in Fighting
   543 | D        | Reached skill level 10 in Dodging
   548 | D        | Reached skill level 12 in Unarmed Combat
   568 | D        | Noticed a black mamba
   568 | D        | Noticed an eight-headed hydra
   570 | D        | Reached ****** piety under Qazlal
   672 | D        | Killed a ten-headed hydra
   672 | D        | Reached XP level 10. HP: 45/111 MP: 14/16
   818 | D        | Killed a black mamba
   860 | D        | Reached skill level 10 in Invocations
   870 | D        | Reached skill level 13 in Unarmed Combat
   986 | D        | Noticed a death yak
   986 | D        | Noticed a death yak
   986 | D        | Noticed a death yak
   986 | D        | Noticed a death yak
   987 | D        | Noticed a death yak
   993 | D        | Killed a death yak
   998 | D        | Noticed a death yak
  1004 | D        | Killed a death yak
  1011 | D        | Slain by a death yak

Skill      XL: |  1  2  3  4  5  6  7  8  9 10 |
---------------+-------------------------------+-----
Fighting       | 3 5 6 7 8 9 10 11 | 11.5
Dodging        | 3 5 6 7 8 9 10 11 | 11.4
Unarmed Combat | 5 6 7 8 9 10 11 12 13 | 13.5
Invocations    | 2 4 6 8 9 10 | 10.6
Stealth        | |  1.1

Action                   |  1- 3 |  4- 6 |  7- 9 | 10-12 || total
-------------------------+-------+-------+-------+-------++-------
Melee: Unarmed           |    33 |    22 |    79 |    50 ||   184
       Punch             |     1 |     3 |     5 |     2 ||    11
Invok: Upheaval          |       |       |     2 |     2 ||     4
       Disaster Area     |       |       |     1 |     1 ||     2
  Use: Potion            |       |       |     6 |       ||     6
  Eat: Chunk             |       |     3 |    14 |     1 ||    18
Armor: Robe              |     6 |    10 |    12 |       ||    28
Dodge: Dodged            |    10 |    11 |    52 |    22 ||    95
Block: Other             |       |     4 |    20 |    11 ||    35
